 Dungeon Crawl Stone Soup version 0.27.1-1-g398f81649c (webtiles) character file.

Game seed: 6408831362036427615

6862 H0rd4k the Martial Artist (level 11, -21/67 HPs)
             Began as an Octopode Transmuter on Sept 13, 2021.
             Was an Initiate of Gozag.
             Demolished by a two-headed ogre (26 damage)
             ... on level 10 of the Dungeon.
             The game lasted 00:19:06 (15434 turns).

H0rd4k the Martial Artist (Octopode Transmuter)    Turns: 15434, Time: 00:19:07

Health: -21/67     AC:  5    Str: 16    XL:     11   Next: 6%
Magic:  20/20      EV: 15    Int: 21    God:    Gozag
Gold:   1357       SH:  5    Dex: 12    Spells: 11/22 levels left

rFire    . . .     SeeInvis .     - Unarmed
rCold    . . .     Faith    .   (no shield)
rNeg     . . .     Spirit   .   (helmet restricted)
rPois    +         Reflect  +   n - amulet of reflection
rElec    .         Harm     .   g - ring of flight
rCorr    .         Rampage  .   p - ring of Fixation {Fly rPois AC+4 Int+2 Slay-4}
Will     .....                  w - +6 ring of strength
Stlth    ++........             (no ring)
HPRegen  0.21/turn              (no ring)
MPRegen  0.17/turn              (no ring)
                                (no ring)
                                (no ring)

@: flying
A: almost no armour, amphibious, 8 rings, camouflage 1, gelatinous body 1,
(nimble swimmer 1), tentacles
a: Renounce Religion, Potion Petition, Call Merchant, Bribe Branch


You were on level 10 of the Dungeon.
You worshipped Gozag.
Gozag was most pleased with you.
You visited 2 branches of the dungeon, and saw 11 of its levels.

You collected 1534 gold pieces.
You spent 115 gold pieces at shops.
You paid 62 gold pieces to Gozag.

Inventory:

Hand Weapons
 H - the +2 rapier of Xiugru {speed, Dex+7}
   (You found it on level 10 of the Dungeon)

   Attacks with this weapon are significantly faster.
   Dex:       It affects your dexterity (+7).
Magical Staves
 r - a staff of air
Jewellery
 g - a ring of flight (left tentacle)
 n - an amulet of reflection (around mantle)
 p - the ring of Fixation (right tentacle) {Fly rPois AC+4 Int+2 Slay-4}
   (You bought it in a shop on level 5 of the Dungeon)

   [ring of protection]

   AC:        It affects your AC (+4).
   Int:       It affects your intelligence (+2).
   Slay:      It affects your accuracy & damage with ranged weapons and melee
   (-4).
   rPois:     It protects you from poison.
   Fly:       It grants you flight.
 w - a +6 ring of strength (on tentacle)
 y - an amulet of magic regeneration
 E - an amulet of regeneration
 F - a +6 ring of dexterity
Wands
 q - a wand of polymorph (16)
Scrolls
 d - 3 scrolls of teleportation
 e - a scroll of blinking {unknown}
 f - a scroll of enchant weapon {unknown}
 h - 2 scrolls of silence {unknown}
 j - 3 scrolls of summoning
 l - a scroll of fog {unknown}
 m - 2 scrolls of magic mapping
 t - a scroll of amnesia {unknown}
 u - 2 scrolls of vulnerability {unknown}
 A - a scroll of immolation {unknown}
 B - a scroll of enchant armour {unknown}
 D - a scroll of torment {unknown}
Potions
 a - a potion of heal wounds
 b - a potion of might {unknown}
 c - 3 potions of curing
 i - 2 potions of degeneration
 k - 2 potions of magic
 o - 2 potions of invisibility
 s - a potion of resistance
 v - a potion of cancellation
 x - 3 potions of lignification
 z - 2 potions of mutation
 C - 2 potions of haste {unknown}
Miscellaneous
 G - a lightning rod (3/4)


   Skills:
 + Level 3.0 Fighting
 + Level 6.7 Dodging
 + Level 2.3 Shields
 + Level 9.7 Unarmed Combat
 + Level 6.4 Spellcasting
 + Level 6.7 Transmutations
 * Level 2.5 Ice Magic
 + Level 7.3 Poison Magic
 + Level 0.5 Evocations


You had 11 spell levels left.
You knew the following spells:

 Your Spells              Type           Power      Damage    Failure   Level
a - Beastly Appendage     Tmut           68%        N/A       1%          1
b - Spider Form           Tmut/Pois      18%        N/A       1%          3
c - Ice Form              Ice/Tmut       26%        N/A       14%         4
d - Ozocubu's Armour      Ice            17%        N/A       10%         3

Your spell library contained the following spells:

 Spells                   Type           Power      Damage    Failure   Level
 Wereblood                Tmut           34%        N/A       1%          2
 Ensorcelled Hibernation  Hex/Ice        24%        N/A       9%          2
 Animate Skeleton         Necr           12%        N/A       10%         1
 Apportation              Tloc           12%        N/A       10%         1
 Corona                   Hex            6%         N/A       10%         1
 Summon Small Mammal      Summ           24%        N/A       10%         1
 Gell's Gravitas          Tloc           3%         N/A       28%         3
 Lesser Beckoning         Tloc           3%         N/A       28%         3
 Teleport Other           Tloc           6%         N/A       28%         3
 Tukima's Dance           Hex            6%         N/A       28%         3
 Airstrike                Air            3%         N/A       67%         4
 Summon Lightning Spire   Summ/Air       6%         N/A       67%         4
 Metabolic Englaciation   Hex/Ice        6%         N/A       83%         5
 Lightning Bolt           Conj/Air       3%         1d14      95%         5
 Simulacrum               Ice/Necr       6%         N/A       100%        6


Dungeon Overview and Level Annotations

Branches:
Dungeon (10/15)            Temple (1/1) D:4            Lair (0/6) D:8
    Orc (0/2) D:9

Altars:
Ashenzari
Cheibriados
Dithmenos
Fedhas
Gozag
Kikubaaqudgha
Makhleb
Nemelex Xobeh
Okawaru
Qazlal
Ru
Sif Muna
Trog
Uskayaw
Vehumet
Wu Jian
Xom
Yredelemnul
Zin
The Shining One

Shops:
D:2 *   D:3 :   D:5 *   D:9 *

Annotations:
D:5 exclusions: sky beast and 2 upstairs
D:6 exclusion: downstairs
D:7 exclusion: downstairs


Innate Abilities, Weirdness & Mutations

You cannot wear most types of armour.
You are amphibious.
You can wear up to eight rings at the same time.
Your skin changes colour to match your surroundings (Stealth+).
Your rubbery body absorbs attacks. (AC +1, EV +1)
((You are camouflaged near water. (Stealth+)))
You have tentacles for arms and can constrict up to eight enemies at once.


Message History

The two-headed ogre shouts in stereo!
You hear a shout!
A two-headed ogre comes into view.
It is wielding a +0 giant spiked club and a +0 giant club.
A troll comes into view.
Unknown command.
Casting: Spider Form (safe; 1% risk of failure)
Confirm with . or Enter, or press ? or * to list all spells.
You turn into a venomous arachnid creature.
Unknown command.
You hit the two-headed ogre but do no damage.
The two-headed ogre is poisoned.
The two-headed ogre hits you with a +0 giant spiked club!!
Ouch! That really hurt!
The two-headed ogre hits you with a +0 giant club!!
* * * LOW HITPOINT WARNING * * *
The two-headed ogre looks more healthy.
Your transformation is almost over.
Your transformation has ended.
There is an escape hatch in the ceiling here.
Okay, then.
Unknown command.
There is an open door here.
There is an open door here.
There is an open door here.
You see here a +0 dagger.
There is an open door here.
There is an open door here.
There is an open door here.
There is an open door here.
There is an open door here.
There is an open door here.
You see here a +0 dagger.
There is an open door here.
There is an open door here.
There is an open door here.
The two-headed ogre hits you with a +0 giant spiked club!!
Ouch! That really hurt!
* * * LOW HITPOINT WARNING * * *
The two-headed ogre hits you with a +0 giant club!!
You die...
Your body crumbles into a pile of gold.

#...# #.## #O### #.# #.# #.#
#.# ##O####### #.#
#.........# ##.# #.........#
##..# #.........#
######..##########.........#
.......<..O....O@'.........#
##.....###########.........#
#.##### #.........# #.#
##...##### #.# ####.######
#.# #.........# #+#
+.........# #.........#
#.........#


You could see 2 two-headed ogres.

Vanquished Creatures
  A two-headed ogre (D:6)
  Erica (D:7)
  Maurice (D:8)
  A wyvern (D:8)
  5 yaks (D:9)
  Menkaure (D:7)
  Edmund (D:6)
  A water moccasin (D:6)
  2 sky beasts (D:7)
  4 orc warriors
  A black bear (D:6)
  3 centaurs
  5 ogres
  2 bullfrogs
  2 scorpions
  23 killer bees (D:8)
  A water moccasin skeleton (D:5)
  9 wights
  2 howler monkeys
  3 jellies
  5 orc priests (D:8)
  A bullfrog skeleton (D:6)
  2 centaur zombies
  2 centaur skeletons (D:6)
  A hound (D:5)
  Natasha (thrice) (D:2)
  8 orc wizards
  2 iguanas (D:4)
  A hound skeleton (D:4)
  A howler monkey zombie (D:8)
  Robin (D:2)
  5 gnolls
  8 adders
  An ufetubus (D:5)
  A worm (D:4)
  2 dart slugs
  18 orcs
  14 endoplasms
  5 giant cockroaches
  20 goblins
  11 hobgoblins
  A quokka (D:3)
  6 ball pythons
  8 bats
  3 frilled lizards
  4 kobolds
  7 rats
210 creatures vanquished.

Vanquished Creatures (others)
  3 withered plants (D:1)
3 creatures vanquished.

Grand Total: 213 creatures vanquished

Notes
Turn   | Place    | Note
-------+----------+-------------------------------------------
     0 | D:1      | H0rd4k the Octopode Transmuter began the quest for the Orb.
     0 | D:1      | Reached XP level 1. HP: 13/13 MP: 3/3
   102 | D:1      | Reached XP level 2. HP: 11/18 MP: 5/5
   163 | D:1      | Found a faded altar of an unknown god.
   814 | D:1      | Reached XP level 3. HP: 23/23 MP: 6/6
   818 | D:1      | Learned a level 3 spell: Spider Form
  1486 | D:2      | Noticed Robin
  1751 | D:2      | Found Yfumeiq's Assorted Antiques.
  1823 | D:2      | Reached skill level 1 in Poison Magic
  1909 | D:2      | Reached XP level 4. HP: 19/28 MP: 3/7
  2063 | D:3      | Found Gorus's Book Emporium.
  2659 | D:3      | Reached skill level 4 in Unarmed Combat
  2776 | D:3      | Reached XP level 5. HP: 20/33 MP: 4/9
  3004 | D:3      | Found a glowing golden altar of the Shining One.
  3394 | D:4      | Found a staircase to the Ecumenical Temple.
  3543 | D:4      | Noticed an ogre
  3568 | D:5      | Entered Level 5 of the Dungeon
  3707 | Temple   | Entered the Ecumenical Temple
  3866 | Temple   | Became a worshipper of Gozag Ym Sagoz the Greedy
  3932 | D:5      | Found Ricevius's Assorted Antiques.
  4036 | D:5      | Noticed an ogre
  4046 | D:5      | Killed an ogre
  4047 | D:5      | Reached XP level 6. HP: 20/38 MP: 7/10
  4542 | D:5      | Noticed a sky beast
  4683 | D:4      | Found an iron altar of Okawaru.
  5489 | D:2      | Noticed Natasha
  5497 | D:2      | Killed Natasha
  5581 | D:2      | Reached XP level 7. HP: 40/43 MP: 12/12
  5628 | D:2      | Killed Robin
  5629 | D:2      | Reached skill level 5 in Unarmed Combat
  5647 | D:2      | Noticed Natasha
  5657 | D:2      | Killed Natasha
  5855 | D:2      | Noticed Natasha
  5864 | D:2      | Killed Natasha
  6576 | D:5      | Bought a translucent marble ring for 115 gold pieces
  6576 | D:5      | Identified the ring of Fixation {Fly rPois AC+4 Int+2
                  | Slay-4} (You bought it in a shop on level 5 of the Dungeon)
  7598 | D:6      | Reached skill level 6 in Unarmed Combat
  7736 | D:6      | Noticed a two-headed ogre
  7741 | D:6      | Reached XP level 8. HP: 41/48 MP: 10/13
  7771 | D:6      | Killed a two-headed ogre
  7772 | D:6      | Reached skill level 7 in Unarmed Combat
  7772 | D:6      | Reached skill level 5 in Transmutations
  7899 | D:6      | Reached skill level 5 in Poison Magic
  8041 | D:6      | Reached XP level 9. HP: 54/54 MP: 12/15
  8162 | D:6      | Noticed Edmund
  8177 | D:6      | Killed Edmund
  8939 | D:7      | Noticed Menkaure
  9321 | D:6      | Reached skill level 5 in Spellcasting
  9989 | D:7      | Reached skill level 8 in Unarmed Combat
 10386 | D:8      | Found a shimmering altar of Xom.
 10398 | D:8      | Noticed Erica
 10878 | D:7      | Reached skill level 5 in Dodging
 10894 | D:8      | Found a staircase to the Lair.
 11428 | D:7      | Killed Menkaure
 11429 | D:7      | Reached skill level 1 in Shields
 11518 | D:7      | Reached XP level 10. HP: 22/61 MP: 18/18
 12476 | D:8      | Noticed Maurice
 12501 | D:8      | Killed Maurice
 12598 | D:8      | Reached skill level 9 in Unarmed Combat
 13065 | D:8      | Found a stormy altar of Qazlal.
 13715 | D:7      | Killed Erica
 13890 | D:8      | Learned a level 4 spell: Ice Form
 14303 | D:9      | Reached skill level 1 in Ice Magic
 14384 | D:9      | Found a staircase to the Orcish Mines.
 14704 | D:9      | Reached XP level 11. HP: 32/67 MP: 20/20
 14719 | D:9      | Found Joekhly's Assorted Antiques.
 15184 | D:10     | Entered Level 10 of the Dungeon
 15196 | D:10     | Learned a level 3 spell: Ozocubu's Armour
 15247 | D:10     | Identified the +2 rapier of Xiugru {speed, Dex+7}
 15309 | D:10     | Noticed a two-headed ogre
 15310 | D:10     | Noticed a two-headed ogre
 15434 | D:10     | Demolished by a two-headed ogre

Illustrated notes

Levels and vault maps discovered:
D:1:      denvon_arrival_hothouse, layout_rooms,
          ebering_ecumenical_altar_petrified, minmay_statues_item,
          grunt_decor_fettered, minmay_misc_feat_cross, minmay_pentomino_p4
D:2:      layout_basic, serial_shops, shop, uniq_natasha, uniq_robin
D:3:      layout_rooms, nicolae_tso_carved_into_rock, serial_shops, shop,
          grunt_decor_one_mirror, grunt_ministairs_8
D:4:      layout_layer_cave, marbit_many_paths,
          minmay_temple_entry_from_below_a, serial_co_window_serial,
          co_window_of_opportunity_a, co_window_corner_a, co_window_paths_b,
          co_window_cross_1, co_window_of_opportunity_a, co_window_paths_a,
          co_window_paths_b, co_window_corner_cb, co_window_corner_b,
          co_window_cross_4, co_window_2corner, minmay_cut_off
D:5:      layout_loops_corners, serial_shops, shop
D:6:      kb_forest_paths, layout_basic, uniq_edmund
D:7:      layout_cave_pools, uniq_menkaure
D:8:      layout_gridville, mainiacjoe_overflow_paths, grunt_qazlal_clouds,
          lair_entry_dummy, uniq_maurice, uniq_erica
D:9:      layout_cave_pools, orc_0_dummy, serial_shops, nicolae_stop_n_shop_1
D:10:     layout_roguey, mainiacjoe_overflow_catwalk, lemuel_doored_altar,
          kennysheep_generic_room_7
Temple:   regret_index_temple_sphere_string

Skill      XL: |  1  2  3  4  5  6  7  8  9 10 |
---------------+-------------------------------+-----
Poison Magic   | 1 2 3 5 6 7 |  7.3
Unarmed Combat | 4 6 7 8 9 |  9.7
Spellcasting   | 3 4 5 6 |  6.4
Transmutations | 3 4 5 6 |  6.7
Dodging        | 3 5 6 |  6.7
Fighting       | 2 3 |  3.0
Shields        | 1 2 |  2.3
Ice Magic      | 2 |  2.5
Evocations     | |  0.5

Action                   |  1- 3 |  4- 6 |  7- 9 | 10-12 || total
-------------------------+-------+-------+-------+-------++-------
Melee: Unarmed           |    98 |   118 |   326 |   243 ||   785
       Constrict         |    22 |    13 |     6 |     4 ||    45
       Tentacles         |    11 |     6 |     6 |     7 ||    30
       Punch             |     1 |     1 |     3 |     2 ||     7
       Kick              |     1 |       |       |       ||     1
 Cast: Spider Form       |     1 |    13 |    33 |    20 ||    67
       Beastly Appendage |     1 |       |       |       ||     1
Evoke: Wand              |       |       |       |     5 ||     5
       Lightning rod     |       |       |       |     1 ||     1
  Use: Scroll            |       |       |     7 |     4 ||    11
       Potion            |       |       |     4 |     2 ||     6
 Stab: Sleeping          |     5 |     5 |     3 |     1 ||    14
       Distracted        |       |     1 |       |       ||     1
Armor: Skin              |     9 |     3 |    44 |    30 ||    86
Dodge: Dodged            |    55 |    80 |   254 |   239 ||   628
Block: Other             |       |       |    46 |    57 ||   103
       Reflection        |       |       |     1 |     2 ||     3
